ITL
TUSCALOOSA TROUT SLAYERS @ DETROIT X-WINGS
08/06/2027
 
TOP OF THE 1ST
Tuscaloosa Trout Slayers batting - Pitching for Detroit X-Wings : LHP Javier Duarte
Pitching: LHP Javier Duarte
Batting: RHB Lowie van den Bogaert 0-0: Ball
1-0: Bunt for hit - play at first, batter safe!
Batting: RHB Pat Fullerton 0-0: Called Strike
0-1: Ball
1-1: SINGLE (Groundball, 56) (infield hit)
Lowie van den Bogaert to second
Batting: RHB Ben Morton 0-0: Fly out, F3 (Flyball, 3D)
Batting: LHB António Cedeño 0-0: Called Strike
0-1: Ball
1-1: Ball
2-1: Foul Ball, location: 2F
2-2: Grounds into double play, 4-6-3 (Groundball, 4)
Top of the 1st over - 0 run(s), 2 hit(s), 0 error(s), 1 left on base; Tuscaloosa 0 - Detroit 0
BOTTOM OF THE 1ST
Detroit X-Wings batting - Pitching for Tuscaloosa Trout Slayers : RHP Fernando Rodríguez
Pitching: RHP Fernando Rodríguez
Batting: LHB Craig Kenney 0-0: Foul Ball, location: 2F
0-1: Ball
1-1: SINGLE (Line Drive, 6MD)
Batting: RHB Gary Witt 0-0: Ball
1-0: Swinging Strike
1-1: Ball
Craig Kenney is caught stealing 2nd base
2-1: Foul Ball, location: 2F
2-2: Ball
3-2: DOUBLE (Groundball, 5L)
Batting: LHB Chris Loudermilk 0-0: Fly out, F5 (Popup, 5L)
Batting: RHB Enrique Aguilar 0-0: Ball
1-0: Ball
2-0: Ball
3-0: Base on Balls
Batting: RHB Keith Sims 0-0: Ball
1-0: Ball
2-0: Ball
3-0: Called Strike
3-1: Foul Ball, location: 2F
3-2: Foul Ball, location: 2F
3-2: Foul Ball, location: 2F
3-2: SINGLE (Line Drive, 6D)
Gary Witt to third
Enrique Aguilar to second
Gary Witt scores
Enrique Aguilar to third
Batting: RHB Jorge Castillo 0-0: Ball
1-0: Ground out 5-3 (Groundball, 2L)
Bottom of the 1st over - 1 run(s), 3 hit(s), 0 error(s), 2 left on base; Tuscaloosa 0 - Detroit 1
TOP OF THE 2ND
Tuscaloosa Trout Slayers batting - Pitching for Detroit X-Wings : LHP Javier Duarte
Batting: RHB Shigemasa Ishida 0-0: Called Strike
0-1: DOUBLE (Flyball, 9D)
Batting: LHB Ed Hart 0-0: Ball
1-0: Foul Ball, location: 2F
1-1: Foul Ball, location: 2F
1-2: Ground out 3-1 (Groundball, 34S)
Shigemasa Ishida to third
Batting: LHB Marcos Villarreal 0-0: Fly out, F8 (Flyball, 89M)
Batting: RHB Jason Saunders 0-0: Ball
1-0: Called Strike
1-1: Foul Ball, location: 2F
1-2: DOUBLE (Groundball, 5L)
Shigemasa Ishida scores
Batting: RHB Tetsunori Ito 0-0: Called Strike
0-1: Ball
1-1: Ground out 6-3 (Groundball, 56D)
Top of the 2nd over - 1 run(s), 2 hit(s), 0 error(s), 1 left on base; Tuscaloosa 1 - Detroit 1
BOTTOM OF THE 2ND
Detroit X-Wings batting - Pitching for Tuscaloosa Trout Slayers : RHP Fernando Rodríguez
Batting: LHB Paul Alston 0-0: Ball
1-0: Swinging Strike
1-1: Ball
2-1: Ball
3-1: Foul Ball, location: 2F
3-2: Strikes out looking
Batting: LHB Sergio Luna 0-0: Fly out, F7 (Flyball, 7S)
Batting: RHB Yoshitsune Kamida 0-0: Called Strike
0-1: Ball
1-1: Swinging Strike
1-2: Foul Ball, location: 2F
1-2: Foul Ball, location: 2F
1-2: Foul Ball, location: 2F
1-2: Foul Ball, location: 2F
1-2: Ball
2-2: Foul Ball, location: 2F
2-2: Ball
3-2: Base on Balls
Batting: LHB Craig Kenney 0-0: Ball
Yoshitsune Kamida steals 2nd base
1-0: Ball
2-0: Ball
3-0: Called Strike
3-1: Foul Ball, location: 2F
3-2: Strikes out swinging
Bottom of the 2nd over - 0 run(s), 0 hit(s), 0 error(s), 1 left on base; Tuscaloosa 1 - Detroit 1
TOP OF THE 3RD
Tuscaloosa Trout Slayers batting - Pitching for Detroit X-Wings : LHP Javier Duarte
Batting: RHB Lowie van den Bogaert 0-0: Ball
1-0: Ball
2-0: Ball
3-0: Foul Ball, location: 2F
3-1: Base on Balls
Batting: RHB Pat Fullerton 0-0: Ball
1-0: Ball
2-0: Called Strike
2-1: Fielders Choice at 2nd, 5-4 (Groundball, 5)
Batting: RHB Ben Morton 0-0: Foul Ball, location: 2F
0-1: Swinging Strike
0-2: SINGLE (Groundball, 6MD)
Pat Fullerton to second
Batting: LHB António Cedeño 0-0: Called Strike
0-1: Ball
1-1: Fly out, F9 (Flyball, 89D)
Runner from 2nd tags up, SAFE at 3rd, no throw
Batting: RHB Shigemasa Ishida 0-0: Ball
1-0: Fly out, F2 (Popup, 23)
Top of the 3rd over - 0 run(s), 1 hit(s), 0 error(s), 2 left on base; Tuscaloosa 1 - Detroit 1
BOTTOM OF THE 3RD
Detroit X-Wings batting - Pitching for Tuscaloosa Trout Slayers : RHP Fernando Rodríguez
Batting: RHB Gary Witt 0-0: Ball
1-0: Foul Ball, location: 2F
1-1: Called Strike
1-2: Ball
2-2: Ground out 5-3 (Groundball, 56S)
Batting: LHB Chris Loudermilk 0-0: Called Strike
0-1: Ground out 4-3 (Groundball, 4)
Batting: RHB Enrique Aguilar 0-0: Ball
1-0: Called Strike
1-1: Ball
2-1: Called Strike
2-2: Foul Ball, location: 2F
2-2: Ground out 5-3 (Groundball, 5L)
Bottom of the 3rd over - 0 run(s), 0 hit(s), 0 error(s), 0 left on base; Tuscaloosa 1 - Detroit 1
TOP OF THE 4TH
Tuscaloosa Trout Slayers batting - Pitching for Detroit X-Wings : LHP Javier Duarte
Batting: LHB Ed Hart 0-0: Foul Ball, location: 2F
0-1: Swinging Strike
0-2: Foul Ball, location: 2F
0-2: Strikes out swinging
Batting: LHB Marcos Villarreal 0-0: Fly out, F7 (Flyball, 7S)
Batting: RHB Jason Saunders 0-0: Called Strike
0-1: Swinging Strike
0-2: Strikes out swinging
Top of the 4th over - 0 run(s), 0 hit(s), 0 error(s), 0 left on base; Tuscaloosa 1 - Detroit 1
BOTTOM OF THE 4TH
Detroit X-Wings batting - Pitching for Tuscaloosa Trout Slayers : RHP Fernando Rodríguez
Batting: RHB Keith Sims 0-0: Ball
1-0: Ball
2-0: Foul Ball, location: 2F
2-1: Swinging Strike
2-2: Strikes out swinging
Batting: RHB Jorge Castillo 0-0: Foul Ball, location: 2F
0-1: Ball
1-1: Foul Ball, location: 2F
1-2: Fly out, F8 (Flyball, 8LXD)
Batting: LHB Paul Alston 0-0: Foul Ball, location: 2F
0-1: Ball
1-1: SINGLE (Groundball, 4MD)
Batting: LHB Sergio Luna 0-0: Ball
1-0: Called Strike
1-1: Swinging Strike
1-2: Strikes out swinging
Bottom of the 4th over - 0 run(s), 1 hit(s), 0 error(s), 1 left on base; Tuscaloosa 1 - Detroit 1
TOP OF THE 5TH
Tuscaloosa Trout Slayers batting - Pitching for Detroit X-Wings : LHP Javier Duarte
Batting: RHB Tetsunori Ito 0-0: Called Strike
0-1: Foul Ball, location: 2F
0-2: Ball
1-2: Ground out 6-3 (Groundball, 6)
Batting: RHB Lowie van den Bogaert 0-0: Fly out, F9 (Line Drive, 89M)
Batting: RHB Pat Fullerton 0-0: Swinging Strike
0-1: Ground out 4-3 (Groundball, 4M)
Top of the 5th over - 0 run(s), 0 hit(s), 0 error(s), 0 left on base; Tuscaloosa 1 - Detroit 1
BOTTOM OF THE 5TH
Detroit X-Wings batting - Pitching for Tuscaloosa Trout Slayers : RHP Fernando Rodríguez
Batting: RHB Yoshitsune Kamida 0-0: Ball
1-0: Ball
2-0: Ball
3-0: Called Strike
3-1: Called Strike
3-2: Strikes out looking
Batting: LHB Craig Kenney 0-0: SOLO HOME RUN (Line Drive, 9LD), Distance : 348 ft
Batting: RHB Gary Witt 0-0: Ball
1-0: Fly out, F9 (Flyball, 9S)
Batting: LHB Chris Loudermilk 0-0: Ball
1-0: Foul Ball, location: 2F
1-1: Ball
2-1: Ground out 5-3 (Groundball, 56)
Bottom of the 5th over - 1 run(s), 1 hit(s), 0 error(s), 0 left on base; Tuscaloosa 1 - Detroit 2
TOP OF THE 6TH
Tuscaloosa Trout Slayers batting - Pitching for Detroit X-Wings : LHP Javier Duarte
Batting: RHB Ben Morton 0-0: SINGLE (Groundball, 6MD)
Batting: LHB António Cedeño 0-0: Called Strike
0-1: Ball
1-1: Ball
2-1: Ball
3-1: Fly out, F8 (Flyball, 8RS)
Batting: RHB Shigemasa Ishida 0-0: Called Strike
0-1: Swinging Strike
0-2: Ball
1-2: Strikes out swinging
Batting: LHB Ed Hart 0-0: Ball
1-0: Ball
2-0: Fielders Choice at 2nd, 6-4 (Groundball, 6)
Top of the 6th over - 0 run(s), 1 hit(s), 0 error(s), 0 left on base; Tuscaloosa 1 - Detroit 2
BOTTOM OF THE 6TH
Detroit X-Wings batting - Pitching for Tuscaloosa Trout Slayers : RHP Fernando Rodríguez
Batting: RHB Enrique Aguilar 0-0: Ball
1-0: Called Strike
1-1: Swinging Strike
1-2: Foul Ball, location: 2F
1-2: Ball
2-2: Strikes out swinging
Batting: RHB Keith Sims 0-0: Fly out, F8 (Flyball, 8LM)
Batting: RHB Jorge Castillo 0-0: Fly out, F8 (Flyball, 8RD)
Bottom of the 6th over - 0 run(s), 0 hit(s), 0 error(s), 0 left on base; Tuscaloosa 1 - Detroit 2
TOP OF THE 7TH
Tuscaloosa Trout Slayers batting - Pitching for Detroit X-Wings : LHP Javier Duarte
Batting: LHB Marcos Villarreal 0-0: Ball
1-0: Foul Ball, location: 2F
1-1: Foul Ball, location: 2F
1-2: Ball
2-2: Fly out, F8 (Flyball, 8LXD)
Batting: RHB Jason Saunders 0-0: SINGLE (Groundball, 6MD)
Pinch Hitting: RHB José Fernández 0-0: Ball
1-0: Ball
2-0: Called Strike
2-1: Ball
3-1: Base on Balls
Jason Saunders to second
Pitching: RHP Domingo Rodríguez
Pinch Hitting: LHB Robert Phillips 0-0: Ball
1-0: Ball
Throwing error on steal attempt, E2
Jason Saunders scores
José Fernández to third
2-0: Intentional Walk
Pinch Hitting: LHB Pat Zimmerman 0-0: Called Strike
0-1: Foul Ball, location: 2F
0-2: Ball
1-2: Ball
2-2: Fielders Choice at 2nd, 6-4 (Groundball, 6M)
José Fernández scores
Batting: RHB Ben Morton 0-0: Called Strike
Pat Zimmerman is caught stealing 2nd base
Top of the 7th over - 2 run(s), 1 hit(s), 1 error(s), 0 left on base; Tuscaloosa 3 - Detroit 2
BOTTOM OF THE 7TH
Detroit X-Wings batting - Pitching for Tuscaloosa Trout Slayers : RHP Fernando Rodríguez
Now at 2B: José Ortega
Now in CF: Pat Zimmerman
Now in RF: Robert Phillips
Batting: LHB Paul Alston 0-0: Called Strike
0-1: Foul Ball, location: 2F
0-2: Ball
1-2: SINGLE (Groundball, 56D)
Pitching: LHP Aaron Gibbs
Batting: LHB Sergio Luna 0-0: Sac Bunt - play at first, batter OUT! 1-4
Paul Alston to second
Pinch Hitting: RHB Yoshihide Takahashi 0-0: Ball
1-0: Ball
2-0: Ball
Wild Pitch!
Paul Alston to third
3-0: Base on Balls
Batting: LHB Craig Kenney 0-0: Ball
1-0: Grounds into double play, 4-6-3 (Groundball, 4)
Bottom of the 7th over - 0 run(s), 1 hit(s), 0 error(s), 1 left on base; Tuscaloosa 3 - Detroit 2
TOP OF THE 8TH
Tuscaloosa Trout Slayers batting - Pitching for Detroit X-Wings : RHP Domingo Rodríguez
Now in LF: Yoshihide Takahashi
Batting: RHB Ben Morton 0-0: Ball
1-0: Fly out, F9 (Flyball, 89D)
Batting: LHB António Cedeño 0-0: Called Strike
0-1: Fly out, F4 (Popup, 34D)
Batting: RHB Shigemasa Ishida 0-0: Ball
1-0: Called Strike
1-1: Ball
2-1: Swinging Strike
2-2: Strikes out swinging
Top of the 8th over - 0 run(s), 0 hit(s), 0 error(s), 0 left on base; Tuscaloosa 3 - Detroit 2
BOTTOM OF THE 8TH
Detroit X-Wings batting - Pitching for Tuscaloosa Trout Slayers : LHP Aaron Gibbs
Pitching: RHP Jimmy Bradley
Batting: RHB Gary Witt 0-0: Swinging Strike
0-1: Ball
1-1: Ball
2-1: Fly out, F9 (Line Drive, 89S)
Pitching: LHP Luis López
Batting: LHB Chris Loudermilk 0-0: Called Strike
0-1: Ball
1-1: Ground out 4-3 (Groundball, 34)
Pitching: RHP Jesús Ramos
Batting: RHB Enrique Aguilar 0-0: Ball
1-0: Foul Ball, location: 2F
1-1: Swinging Strike
1-2: Fly out, F7 (Flyball, 7LS)
Bottom of the 8th over - 0 run(s), 0 hit(s), 0 error(s), 0 left on base; Tuscaloosa 3 - Detroit 2
TOP OF THE 9TH
Tuscaloosa Trout Slayers batting - Pitching for Detroit X-Wings : RHP Domingo Rodríguez
Pitching: RHP Lance Sanders
Batting: LHB Ed Hart 0-0: Ball
1-0: Ball
2-0: Ball
3-0: Foul Ball, location: 2F
3-1: Foul Ball, location: 2F
3-2: Fly out, F7 (Flyball, 7)
Batting: LHB Marcos Villarreal 0-0: Called Strike
0-1: Ball
1-1: Swinging Strike
1-2: Foul Ball, location: 2F
1-2: Ball
2-2: Ball
3-2: Ground out 4-3 (Groundball, 4)
Batting: RHB Jason Saunders 0-0: Called Strike
0-1: Foul Ball, location: 2F
0-2: Ground out 4-3 (Groundball, 4M)
Top of the 9th over - 0 run(s), 0 hit(s), 0 error(s), 0 left on base; Tuscaloosa 3 - Detroit 2
BOTTOM OF THE 9TH
Detroit X-Wings batting - Pitching for Tuscaloosa Trout Slayers : RHP Jesús Ramos
Pitching: RHP John Charles
Now in LF: Kurt Walter
Pinch Hitting: RHB Júlio Negrón 0-0: Ball
1-0: Ball
2-0: Ball
3-0: Ground out 4-3 (Groundball, 4M)
Pinch Hitting: SHB Felipe Detorres 0-0: Fly out, F6 (Line Drive, 6D)
Batting: LHB Paul Alston 0-0: Ball
1-0: Ball
2-0: Ball
3-0: Base on Balls
Batting: LHB Sergio Luna 0-0: Called Strike
0-1: Foul Ball, location: 2F
0-2: Ball
1-2: Ball
2-2: Foul Ball, location: 2F
2-2: Ball
3-2: Strikes out swinging
Bottom of the 9th over - 0 run(s), 0 hit(s), 0 error(s), 1 left on base; Tuscaloosa 3 - Detroit 2
Thursday, March 30th, 2017 - OOTP Baseball 17.12 Build 75